 Dungeon Crawl Stone Soup version 0.29-a0-322-g68df515428 (webtiles) character file.

Game seed: 12524483259736905468

40 Essalna the Skirmisher (level 3, -1/33 HPs)
             Began as a Hill Orc Fighter on Apr 8, 2022.
             Slain by a gnoll
             ... wielding a +0 spear
              (2 damage)
             ... on level 2 of the Dungeon.
             The game lasted 00:01:57 (1047 turns).

Essalna the Skirmisher (Hill Orc Fighter)           Turns: 1047, Time: 00:01:58

Health: -1/33      AC:  7    Str: 20    XL:     3   Next: 50%
Magic:  3/3        EV:  9    Int:  8    God:
Gold:   87         SH:  4    Dex: 10    Spells: 2/2 levels left

rFire   + . .      SeeInvis .   a - +0 war axe
rCold   + . .      Faith    .   c - +0 buckler
rNeg    . . .      Spirit   .   b - +0 scale mail
rPois   +          Reflect  .   (no helmet)
rElec   +          Harm     .   (no cloak)
rCorr   +          Rampage  .   (no gloves)
Will    .....                   (no boots)
Stlth   ..........              (no amulet)
HPRegen 0.11/turn               (no ring)
MPRegen 0.08/turn               (no ring)

@: lethally poisoned (-1 -> -3), resistant, hasted, very quick
A: no striking features
a: no special abilities


You were on level 2 of the Dungeon.
You visited 1 branch of the dungeon, and saw 2 of its levels.

You collected 87 gold pieces.

Inventory:

Hand Weapons
 a - a +0 war axe (weapon)
Armour
 b - a +0 scale mail (worn)
 c - a +0 buckler (worn)
 g - a +0 robe of resistance
Jewellery
 f - a ring of magical power
Scrolls
 h - a scroll of identify {unknown}
Potions
 d - a potion of might
 j - a potion of lignification {unknown}


   Skills:
 + Level 4.1 Fighting
 + Level 3.4 Axes
 + Level 3.7 Armour
 + Level 3.7 Shields


You had 2 spell levels left.
You didn't know any spells.
Your spell library was empty.

Dungeon Overview and Level Annotations

Branches:
Dungeon (2/15)

Altars:


Message History

You kill the gnoll!
Found 15 gold pieces.
You block the gnoll's attack.
Found a bubbling coppery potion and a scroll labelled EGOZXI HIAXKIXT.
The gnoll hits you with a +0 spear.
The gnoll hits you with a +0 whip of venom!
You are poisoned.
The gnoll closely misses you.
You slash the gnoll!
The gnoll is heavily wounded.
You hit the gnoll. You closely miss the gnoll.
You feel very sick. The gnoll hits you with a +0 spear.
The gnoll barely misses you. The gnoll hits you with a +0 flail.
You are too injured to fight recklessly!
You are too injured to fight recklessly!
The gnoll attacks as you move away! The gnoll hits you with a +0 spear.
* * * LOW HITPOINT WARNING * * *
You feel sick.
The endoplasm hits you but does no damage.
The gnoll barely misses you. The gnoll attacks as you move away!
The gnoll barely misses you.
* * * LOW HITPOINT WARNING * * *
You feel sick. The endoplasm barely misses you.
* * * LOW HITPOINT WARNING * * *
You feel sick.
* * * LOW HITPOINT WARNING * * *
You feel sick.
You see here 12 gold pieces.
It was a potion of resistance.
You feel protected.
* * * LOW HITPOINT WARNING * * *
You feel sick. The endoplasm freezes you.
You are frozen.
You resist.
It was a potion of haste.
You feel yourself speed up.
* * * LOW HITPOINT WARNING * * *
You feel sick. The endoplasm hits you.
* * * LOW HITPOINT WARNING * * *
The gnoll hits you from afar with a +0 spear.
You die...

#...#.....# ##
#.........# . #..
#.........# ..
#.###.#...>...# ...
#.#...........#
...##.#.#.##......##.
..............<......
#.#####.#.####.#.#.##..
#.......@........#.## .
.#.#######J..#####.....#
.......#gg..........#..#
........g)..#######.#..#
!$.....##.#.# #.......#
#....!. ..#.# #.##...##
#.........#.# .. #<..#
...)$.......#.# #...#
..........### #.#.#


You could see 3 gnolls and an endoplasm.

Vanquished Creatures
  A gnoll (D:2)
  An adder (D:2)
  2 endoplasms
  A goblin (D:1)
  A hobgoblin (D:1)
  A quokka (D:1)
  4 ball pythons (D:1)
  4 bats (D:1)
  2 frilled lizards (D:1)
  6 rats (D:1)
23 creatures vanquished.

Notes
Turn   | Place    | Note
-------+----------+-------------------------------------------
     0 | D:1      | Essalna the Hill Orc Fighter began the quest for the Orb.
     0 | D:1      | Reached XP level 1. HP: 19/19 MP: 1/1
   125 | D:1      | Reached XP level 2. HP: 27/27 MP: 2/2
  1012 | D:2      | Reached skill level 4 in Fighting
  1012 | D:2      | Reached XP level 3. HP: 33/33 MP: 3/3
  1047 | D:2      | HP: 1/33 [endoplasm (2)]
  1047 | D:2      | Slain by a gnoll

Illustrated notes

Levels and vault maps discovered:
D:1:      minmay_arrival_four_houses, layout_basic
D:2:      minmay_angry_zag, layout_basic, shapermc_ecumenical_altar_gd,
          uniq_jessica

Skill      XL: |  1  2 |
---------------+-------+-----
Axes           | 3 |  3.4
Fighting       | 4 |  4.1
Armour         | |  3.7
Shields        | |  3.7

Action                   || total
-------------------------++-------
Melee: War axe           ||    56
  Use: Potion            ||     2
Armor: Scale mail        ||    23
Dodge: Dodged            ||    42
Block: Buckler           ||    14

Table legend: (Time is in decaauts)
 A = Elapsed time spent in this place.
 B = Non-inter-level travel time spent in this place.
 C = Inter-level travel time spent in this place.
 D = Time resting spent in this place.
 E = Time spent auto-exploring this place.
 F = Levels seen in this place.
 G = Mean time per level.
                   A        B        C        D        E       F      G
               +--------+--------+--------+--------+--------+-----+--------+
         Total |   1069 |   1049 |     20 |      0 |    851 |   2 |  534.5 |
       Dungeon |   1069 |   1049 |     20 |      0 |    851 |   2 |  534.5 |
               +--------+--------+--------+--------+--------+-----+--------+

Top non-repeatable levels by time:
     D:1: 1028 daAuts
     D:2: 41 daAuts
